 Dungeon Crawl Stone Soup version 0.28.0-43-g3370ac3207 (webtiles) character file.

Game seed: 2165314682450013400

216 smarlow the Magician (level 6, -1/43 HPs)
             Began as a Djinni Conjurer on Mar 3, 2022.
             Slain by a river rat (9 damage)
             ... in a sewer.
             The game lasted 00:06:42 (4289 turns).

smarlow the Magician (Djinni Conjurer)              Turns: 4289, Time: 00:06:43

Health: -1/43      AC:  2    Str:  6    XL:     6   Next: 16%
Gold:   138        EV: 12    Int: 22    God:
                   SH:  0    Dex: 11

rFire   + + .      SeeInvis .   (no weapon)
rCold   x . .      Faith    .   f - orb {light}
rNeg    . . .      Spirit   .   a - +0 robe
rPois   ∞          Reflect  .   (no helmet)
rElec   .          Harm     .   (no cloak)
rCorr   .          Rampage  .   (no gloves)
Will    .....                   (boots unavailable)
Stlth   +.........              (no amulet)
HPRegen 0.14/turn               (no ring)
MPRegen 0.00/turn               (no ring)

@: flying, glowing
A: sickness immunity, fire resistance 2, cold vulnerability 1, float, innate
caster, HP casting, extra vitality 1
a: no special abilities


You were in a sewer.
You visited 1 branch of the dungeon, and saw 3 of its levels.
You also visited: Sewer.

You collected 138 gold pieces.

Inventory:

Armour
 a - a +0 robe (worn)
 f - an orb of light (worn)
Scrolls
 b - a scroll of fear {unknown}
 e - a scroll of enchant weapon {unknown}
 g - a scroll of immolation
 h - a scroll of blinking
 j - a scroll of fog {unknown}
 l - 2 scrolls of noise
Potions
 c - 2 potions of curing
 d - a potion of cancellation {unknown}
 i - a potion of haste {unknown}
 k - a potion of invisibility {unknown}


   Skills:
 + Level 2.2 Fighting
 + Level 3.3 Dodging
 + Level 2.8 Stealth
 * Level 4.2 Spellcasting


You couldn't memorise any spells.
You knew the following spells:

 Your Spells              Type           Power      Damage    Failure   Level
a - Magic Dart            Conj           92%        1d7       1%          1
b - Searing Ray           Conj           46%        2d6       2%          2
c - Dazzling Flash        Conj/Hex       46%        N/A       5%          3
d - Fulminant Prism       Conj/Hex       11%        3d9       19%         4
e - Iskenderun's Mystic   Conj/Tloc      23%        2d6       19%         4
f - Freeze                Ice            92%        1d10      1%          1
g - Call Imp              Summ           23%        N/A       2%          2
Your spell library was empty.

Dungeon Overview and Level Annotations

Branches:
Dungeon (3/15)              Sewer (1/1)

Altars:
Zin


Innate Abilities, Weirdness & Mutations

You are immune to sickness and miasma.
You are immune to poison.
Your flesh is very heat resistant. (rF++)
You are vulnerable to cold. (rC-)
You float through the air rather than walking.
You learn spells naturally, not from books.
Your magical power is your life essence.
You have superior vitality. (+4 MHP)


Message History

Confirm with . or Enter, or press ? or * to list all spells.
Aiming: Searing Ray (safe; 3% risk of failure)
Press: ? - help, Shift-Dir - straight line, f - river rat
Aim: a river rat (haloed, 82% to hit)
The searing ray hits the river rat.
The river rat is lightly wounded.
The searing ray hits the river rat.
The river rat is heavily wounded. (Press . to maintain the ray.)
The river rat bites you.
The searing ray hits the river rat.
The river rat is moderately wounded.
The searing ray hits the river rat.
The river rat is almost dead.
The river rat bites you.
The searing ray hits the river rat.
The river rat is severely wounded.
The river rat bites you! The river rat barely misses you. x2
Casting: Searing Ray (safe; 3% risk of failure)
Confirm with . or Enter, or press ? or * to list all spells.
The spell is quite dangerous to miscast (19% risk of failure)!
Continue anyway?
You erupt in a blast of force!
The mystic blast hits the river rat!
You kill the river rat!
The mystic blast hits the river rat but does no damage.
The river rat is heavily wounded.
The mystic blast hits the river rat but does no damage.
The river rat is almost dead.
The river rat bites you but does no damage.
The river rat bites you.
* * * LOW HITPOINT WARNING * * *
Casting: Iskenderun's Mystic Blast (quite dangerous; 19% risk of failure)
Confirm with . or Enter, or press ? or * to list all spells.
The spell is quite dangerous to miscast (19% risk of failure)!
Continue anyway?
You erupt in a blast of force!
The mystic blast hits the river rat!
You kill the river rat!
The mystic blast hits the river rat but does no damage.
The river rat is almost dead.
* * * LOW HITPOINT WARNING * * *
The river rat bites you!
You die...

#≈ #≈≈.# #∩∩#
#≈≈.# #≈≈≈# #..#
#≈≈≈#
#≈≈≈####..####≈≈≈#
#≈≈≈##.#..#.##†≈≈#
#≈≈≈##.'..'.##.≈≈#
#≈≈≈##.'..'.##≈≈.#
#.≈≈##.#..#.##≈≈≈#
#≈≈≈####r.# ##≈≈≈#
#.≈≈# #.@# #≈≈≈#
#≈≈≈####..####≈≈≈#
#.≈.##.#..#.##≈≈≈#
#≈≈.##.'..††##≈≈≈#
#≈≈≈#
#≈≈.##.'.†'.##≈≈.#
#≈≈≈#
#≈≈≈##.#..#†##.≈≈#
#≈≈≈#
#.≈≈####..####.≈≈#
#≈≈≈# #≈≈≈# #≈≈#
#≈≈≈# #≈≈≈# #.≈≈#
#≈.# #.≈≈#


You could see a river rat.

Vanquished Creatures
  An orc wizard (D:2)
  7 adders
  3 river rats (Sewer)
  5 worms
  A dart slug (D:1)
  4 orcs (D:2)
  7 endoplasms
  9 giant cockroaches
  9 goblins
  7 hobgoblins
  9 jackals
  2 quokkas (D:3)
  6 ball pythons
  7 bats
  7 frilled lizards
  A kobold (D:3)
  4 rats
89 creatures vanquished.

Notes
Turn   | Place    | Note
-------+----------+-------------------------------------------
     0 | D:1      | smarlow the Djinni Conjurer began the quest for the Orb.
     0 | D:1      | Reached XP level 1. HP: 15/15 MP: 0/0
   446 | D:1      | Reached XP level 2. HP: 19/22 MP: 0/0
  1439 | D:2      | Reached XP level 3. HP: 21/26 MP: 0/0
  1439 | D:2      | Learned a level 1 spell: Freeze
  1446 | D:2      | Reached skill level 1 in Fighting
  2337 | D:2      | Reached XP level 4. HP: 19/32 MP: 0/0
  2784 | D:2      | Reached XP level 5. HP: 21/38 MP: 0/0
  2784 | D:2      | Learned a level 2 spell: Call Imp
  3161 | D:2      | Found a glowing silver altar of Zin.
  3250 | D:3      | Found a glowing drain.
  3252 | D:3      | Reached skill level 4 in Spellcasting
  3291 | Sewer    | Entered a sewer
  4143 | Sewer    | Reached XP level 6. HP: 34/43 MP: 0/0
  4289 | Sewer    | Slain by a river rat

Illustrated notes

Levels and vault maps discovered:
D:1:      wheals_arrival_linesprint, layout_basic
D:2:      layout_basic, basic_altar, minmay_misc_feat_square, hex_medium,
          minivault_23, minmay_small_reverse_x
D:3:      layout_basic, kennysheep_slug_shrine, lemuel_round_altar,
          portal_sewer_entry_f, serial_bayou_pond_e, chequers_decorated_corner,
          uniq_robin, uniq_natasha, uniq_terence
Sewer:    sewer_fruit_machine

Skill      XL: |  1  2  3  4  5 |
---------------+----------------+-----
Fighting       | 1 2 |  2.2
Stealth        | 2 |  2.8
Dodging        | 3 |  3.3
Spellcasting   | 4 |  4.2

Action                   |  1- 3 |  4- 6 || total
-------------------------+-------+-------++-------
Melee: Unarmed           |       |     1 ||     1
 Cast: Magic Dart        |    91 |    95 ||   186
       Searing Ray       |       |     8 ||     8
       Iskenderun's Myst |       |     5 ||     5
  Use: Scroll            |       |     5 ||     5
Armor: Robe              |       |    10 ||    10
Dodge: Dodged            |     8 |    14 ||    22
